 Dungeon Crawl Stone Soup version 0.21.1-1-g345015f (webtiles) character file.

16 Iko the Grasshopper (level 2, -7/22 (24) HPs)
             Began as a Demigod Warper on May 27, 2018.
             Mangled by an ogre
             ... wielding a +0 giant spiked club
              (12 damage)
             ... on level 5 of the Dungeon.
             The game lasted 00:04:06 (368 turns).

Iko the Grasshopper (Demigod Warper)                 Turns: 368, Time: 00:04:07

HP:   -7/22 (24)    AC:  5    Str: 14    XL:     2   Next: 27%
MP:   3/7           EV: 12    Int: 17    God:
Gold: 4             SH:  0    Dex: 15    Spells: 2/4 levels left

rFire    . . .     SeeInvis .   a - +1 falchion
rCold    . . .     Gourm    .   (no shield)
rNeg     . . .     Faith    .   h - +0 ring mail (curse)
rPois    .         Spirit   .   (no helmet)
rElec    .         Reflect  .   (no cloak)
rCorr    .         Harm     +   (no gloves)
MR       +....                  (no boots)
Stlth    +.........             b - amulet of harm
HPRegen  0.07/turn              (no ring)
MPRegen  0.10/turn              (no ring)

@: very slightly contaminated
A: high mp 1, magic resistance 1, sturdy frame 1
a: no special abilities


You were on level 5 of the Dungeon.
You were not hungry.

You visited 1 branch of the dungeon, and saw 5 of its levels.

You collected 4 gold pieces.

Inventory:

Hand Weapons
 a - a +1 falchion (weapon)
Armour
 h - a cursed +0 ring mail (worn)
Jewellery
 b - an amulet of harm (around neck)
Books
 c - a book of Spatial Translocations

   Spells                             Type                      Level
   a - Blink                          Translocation                2
   b - Shroud of Golubria             Charms/Translocation         2
   c - Lesser Beckoning               Translocation                3
   d - Gell's Gravitas                Translocation                3
   e - Teleport Other                 Translocation                3
   f - Passage of Golubria            Translocation                4
Comestibles
 f - 2 rations


   Skills:
 + Level 2.1 Fighting
 + Level 2.3 Long Blades
 + Level 1.0 Throwing
 + Level 0.8 Armour
 + Level 1.9 Dodging
 + Level 1.7 Spellcasting
 + Level 2.6 Translocations


You had 2 spell levels left.
You knew the following spells:

 Your Spells              Type           Power        Failure   Level  Hunger
a - Blink                 Tloc           N/A          14%         2    ###....


Dungeon Overview and Level Annotations

Branches:
Dungeon (5/15)
 Temple: D:4-7

Shops:
D:5 (


Innate Abilities, Weirdness & Mutations

You have an increased reservoir of magic. (+10% MP)
You are resistant to hostile enchantments. (MR+)
Your movements are slightly less encumbered by armour. (ER -2)


Message History

You don't know any spells.
You don't know any spells.
Memorise Blink, consuming 2 spell levels and leaving 2?
You start memorising the spell.
You continue memorising. x2
You finish memorising.
Spell assigned to 'a'.
You resume training Translocations.
Casting: Blink
Confirm with . or Enter, or press ? or * to list all spells.
You blink.
Found 17 gold pieces.
The necrophage hits you but does no damage.
Casting: Blink
Confirm with . or Enter, or press ? or * to list all spells.
You blink.
The necrophage hits you.
* * * LOW HITPOINT WARNING * * *
You feel your flesh rotting away! The ogre barely misses you.
The necrophage hits you but does no damage.
The ogre hits you with a giant spiked club!
Ouch! That really hurt!
You die...

##...............
#................
.................
................. ..
..............##### ...
.............##...## ....
............##.....##....
............'.......#....
............'.@.∩...#...$
............'.On.(..#....
............##..§..##...
.............##...## .
..............#####
................
.................
...<...........


You could see an ogre and a necrophage.

Vanquished Creatures
  An adder skeleton (D:3)
  A leopard gecko (D:2)
  4 goblins
  A hobgoblin (D:2)
  A kobold (D:2)
  A ball python (D:2)
  A bat (D:1)
  A frilled lizard (D:2)
  A jackal zombie (D:5)
12 creatures vanquished.

Notes
Turn   | Place    | Note
-------+----------+-------------------------------------------
     0 | D:1      | Iko the Demigod Warper began the quest for the Orb.
     0 | D:1      | Reached XP level 1. HP: 17/17 MP: 5/5
    77 | D:1      | Gained mutation: You are resistant to hostile enchantments. (MR+) [potion of mutation]
    77 | D:1      | Gained mutation: Your movements are slightly less encumbered by armour. (ER -2) [potion of mutation]
   195 | D:2      | Reached skill level 1 in Throwing
   197 | D:2      | Reached XP level 2. HP: 14/24 MP: 7/7
   311 | D:5      | Entered Level 5 of the Dungeon
   344 | D:5      | Found Huexuiza's Weapon Emporium.
   344 | D:5      | Noticed a necrophage
   344 | D:5      | Noticed an ogre
   365 | D:5      | Learned a level 2 spell: Blink
   368 | D:5      | Mangled by an ogre

Skill      XL: |  1 |
---------------+----+-----
Long Blades    | 2 |  2.3
Fighting       | 2 |  2.1
Throwing       | 1 |  1.0
Armour         | |  0.8
Dodging        | |  1.9
Spellcasting   | |  1.7
Translocations | |  2.6

Action                   || total
-------------------------++-------
Melee: Falchion          ||    33
Throw: Tomahawk          ||     5
 Cast: Blink             ||     2
  Use: Potion            ||     4
       Scroll            ||     3
 Stab: Invisible         ||     1
Armor: Leather armour    ||     4
       Ring mail         ||     5
Dodge: Dodged            ||    24
       Rpst.: Falchion   ||     6
